Canadiens vs Bruins

Created - September-23-14 at 17:53

Simulating a Pre-Season

Goals
1 2 3 T
Canadiens 1 3 2 6
Bruins 4 1 2 7
Shots
1 2 3 T
Canadiens 12 9 13 34
Bruins 8 8 11 27

1st period

1. Canadiens , Jordan Eberle 1 (Alexander Steen, Alexander Edler) at 1:07
2. Bruins , Ryan Spooner 1 (Johnny Boychuk, Dennis Seidenberg) at 8:44
3. Bruins , Carl Hagelin 1 (Ryan Spooner, Dougie Hamilton) at 12:24
4. Bruins , Chris Kelly 1 (Ryan Spooner, Torey Krug) at 17:40
5. Bruins , Jakub Voracek 1 (David Krejci) at 18:49

Penalties :
Alexander Steen (MTL) for Tripping (Minor) at 4:54, Radko Gudas (MTL) for Hooking (Minor) at 14:58

2nd period

6. Canadiens , Jordan Eberle 2 (Patrik Elias) at 1:10 (PP)
7. Canadiens , Patrik Elias 1 (Jordan Eberle, Alexander Steen) at 1:50
8. Bruins , Carl Hagelin 2 (Torey Krug, Milan Lucic) at 11:51
9. Canadiens , Saku Koivu 1 (Mason Raymond, Alexander Edler) at 19:25

Penalties :
Braydon Coburn (BOS) for Tripping (Minor) at 1:08, Milan Lucic (BOS) for Tripping (Minor) at 5:54, Alexander Edler (MTL) for Holding (Minor) at 9:38

3rd period

10. Canadiens , Chris Kunitz 1 (Radko Gudas, Patrick Sharp) at 3:06 (PP)
11. Bruins , Dougie Hamilton 1 (Zdeno Chara) at 3:36
12. Canadiens , Jonathan Toews 1 (Alexander Edler, Patrick Sharp) at 10:11 (PP)
13. Bruins , Patrice Bergeron 1 (Reilly Smith) at 10:28

Penalties :
Milan Lucic (BOS) for Boarding (Minor) at 1:07, Michal Rozsival (MTL) for Slashing (Minor) at 5:45, Braydon Coburn (BOS) for Hooking (Minor) at 8:20, Mike Weber (MTL) for Hooking (Minor) at 12:25, Mike Weber (MTL) for Elbowing (Minor) at 16:39

Goalie Stats

Kristers Gudlevskis (MTL), 16 saves from 19 shots - (0.842), L, 0-1-0, 40:12 minutes
Jonathan Bernier (MTL), 4 saves from 8 shots - (0.500), 18:49 minutes
Niklas Svedberg (BOS), 28 saves from 34 shots - (0.824), W, 1-0-0, 60:00 minutes

Players Stats for Canadiens

Player Name              G  A  P  +/- PIM S  H  SB GA TA FO     MP     PP MP  PK MP  
------------------------------------------------------------------------------------
Alexander Edler          0  3  3   0  2   0  0  2  0  0  0/0    20:03   2:44   4:48 
Alexander Killorn        0  0  0  -1  0   0  0  1  0  0  0/4     4:09   0:00   2:06 
Alexander Steen          0  2  2   1  2   6  2  0  0  0  2/3    20:50   3:16   4:32 
Anton Volchenkov         0  0  0   0  0   2  4  0  0  0  0/0    20:41   2:44   5:25 
Cam Fowler               0  0  0  -1  0   1  0  2  0  0  0/0    27:09   3:07   6:13 
Chris Kunitz             1  0  1  -2  0   3  5  0  0  0  0/0    25:22   2:35   6:25 
Jonathan Toews           1  0  1  -3  0   5  0  0  0  0  22/42  27:30   2:35   6:30 
Jordan Eberle            2  1  3   1  0   5  2  0  0  0  1/1    16:19   3:16   0:00 
Manny Malhotra           0  0  0  -1  0   0  1  0  0  0  0/0     2:11   0:00   0:08 
Martin Erat              0  0  0  -2  0   2  3  0  0  0  0/1    10:47   0:00   0:00 
Mason Raymond            0  1  1  -2  0   1  1  0  0  0  1/1    10:47   0:00   0:00 
Michal Rozsival          0  0  0  -3  2   1  0  1  0  0  0/0    13:32   0:00   1:39 
Mike Weber               0  0  0  -3  4   0  5  1  0  0  0/0    12:08   0:00   0:16 
Patrick Sharp            0  2  2  -2  0   3  0  1  0  0  0/2    23:04   2:35   4:07 
Patrik Elias             1  1  2   1  0   2  0  0  0  0  6/21   16:19   3:16   0:00 
Radko Gudas              0  1  1  -1  2   2  3  0  0  0  0/0    23:22   3:07   4:56 
Saku Koivu               1  0  1  -2  0   1  0  0  0  0  5/14   10:47   0:00   0:00 
Steve Oleksy             0  0  0   0  0   0  0  0  0  0  0/0     3:00   0:00   0:31 

Players Stats for Bruins

Player Name              G  A  P  +/- PIM S  H  SB GA TA FO     MP     PP MP  PK MP  
------------------------------------------------------------------------------------
Brad Marchand            0  0  0   0  0   0  1  0  0  0  0/0    20:00   5:37   0:00 
Braydon Coburn           0  0  0   2  4   1  1  0  0  0  0/0    17:22   6:16   1:35 
Carl Hagelin             2  0  2   5  0   3  0  0  0  0  1/2     6:53   0:00   0:00 
Carl Soderberg           0  0  0   0  0   0  2  0  0  0  10/13  14:42   4:46   0:00 
Chris Kelly              1  0  1   5  0   1  2  0  0  0  1/3     7:43   0:00   0:50 
David Krejci             0  1  1  -1  0   0  0  0  0  0  24/40  21:40   6:17   4:20 
Dennis Seidenberg        0  1  1   0  0   4  0  1  0  0  0/0    22:09   6:16   2:48 
Dougie Hamilton          1  1  2   2  0   1  2  1  0  0  0/0    19:37   0:00   0:00 
Jakub Voracek            1  0  1  -1  0   1  0  0  0  0  0/2    18:35   6:17   1:15 
Johnny Boychuk           0  1  1   0  0   2  3  2  0  0  0/0    21:46   5:38   3:03 
Loui Eriksson            0  0  0   0  0   2  0  0  0  0  0/0     9:56   0:00   0:00 
Milan Lucic              0  1  1  -1  4   0  4  0  0  0  0/0    18:09   6:17   0:51 
Patrice Bergeron         1  0  1   0  0   4  0  1  0  0  15/22  24:26   5:37   4:26 
Pierre-Alexandr Parentea 0  0  0   0  0   1  0  0  0  0  1/1    10:47   0:51   0:00 
Reilly Smith             0  1  1   0  0   1  0  0  0  0  0/2    14:23   0:00   0:00 
Ryan Spooner             1  2  3   5  0   2  0  0  0  0  0/4     6:53   0:00   0:00 
Torey Krug               0  2  2   2  0   1  0  1  0  0  0/0    10:46   0:00   1:13 
Zdeno Chara              0  1  1   2  0   3  3  3  0  0  0/0    28:18   5:38   3:03 

3 Stars

1 - Carl Hagelin (BOS)
2 - Ryan Spooner (BOS)
3 - Jordan Eberle (MTL)

Power Play

Canadiens - 3 on 4 Attempt(s) - 75.00%
Bruins - 0 on 6 Attempt(s) - 0.00%

Penalty Kill

Canadiens - 6 on 6 Attempt(s) - 100.00% - Score 0 goal in Penalty Kill
Bruins - 1 on 4 Attempt(s) - 25.00% - Score 0 goal in Penalty Kill

Official

Referees : Kelly Sutherland and Mike Leggo
Linesman : Derek Nansen and Jay Sharrers

Game Notes

Kristers Gudlevskis enters game at 18:49 of 1st period

% Time on Ice - Canadiens

Lines # - Real PCT - Wanted PCT - Time Play
Normal Forward
1 - 38% - 40% - 15:49
2 - 31% - 30% - 13:03
3 - 26% - 20% - 10:47
4 - 5% - 10% - 2:03
Normal Defense
1 - 35% - 40% - 14:47
2 - 30% - 30% - 12:32
3 - 29% - 20% - 11:54
4 - 6% - 10% - 2:29
PP Forward
1 - 44% - 60% - 2:35
2 - 56% - 40% - 3:16
PP Defense
1 - 53% - 60% - 3:07
2 - 47% - 40% - 2:44
PK Forward
1 - 65% - 60% - 7:47
2 - 35% - 40% - 4:07
PK Defense
1 - 51% - 60% - 6:07
2 - 49% - 40% - 5:47
PK3 Forward
1 - 0% - 60%
2 - 0% - 40%
PK3 Defense
1 - 0% - 60%
2 - 0% - 40%
44 Forward
1 - 0% - 60%
2 - 0% - 40%
44 Defense
1 - 0% - 60%
2 - 0% - 40%
Last Minute Offensive  - 0:33
Last Minute Defensive  - 0:00
Total
Forward - 60:00
Defense - 60:00

% Time on Ice - Bruins

Lines # - Real PCT - Wanted PCT - Time Play
Normal Forward
1 - 34% - 40% - 14:23
2 - 26% - 30% - 11:03
3 - 24% - 20% - 9:56
4 - 16% - 10% - 6:53
Normal Defense
1 - 43% - 40% - 18:22
2 - 31% - 30% - 13:05
3 - 23% - 20% - 9:33
4 - 3% - 10% - 1:15
PP Forward
1 - 53% - 60% - 6:17
2 - 47% - 40% - 5:37
PP Defense
1 - 47% - 60% - 5:38
2 - 53% - 40% - 6:16
PK Forward
1 - 79% - 60% - 4:36
2 - 21% - 40% - 1:15
PK Defense
1 - 52% - 60% - 3:03
2 - 48% - 40% - 2:48
PK3 Forward
1 - 0% - 60%
2 - 0% - 40%
PK3 Defense
1 - 0% - 60%
2 - 0% - 40%
44 Forward
1 - 0% - 60%
2 - 0% - 40%
44 Defense
1 - 0% - 60%
2 - 0% - 40%
Last Minute Offensive  - 0:00
Last Minute Defensive  - 0:00
Total
Forward - 60:00
Defense - 60:00

Play by Play

1st period


0:01 of 1st period - Patrice Bergeron wins face-off versus Jonathan Toews in neutral zone.
0:57 of 1st period - Patrik Elias is hit by Dougie Hamilton.
1:07 of 1st period - Shot by Jordan Eberle.
1:07 of 1st period - Goal by Jordan Eberle - Canadiens : 1 - Bruins : 0.
1:08 of 1st period - David Krejci wins face-off versus Saku Koivu in neutral zone.
1:19 of 1st period - Shot by Martin Erat.
1:19 of 1st period - Stopped by Niklas Svedberg with a rebound.
1:27 of 1st period - Shot by Martin Erat.
1:27 of 1st period - Stopped by Niklas Svedberg without a rebound.
1:28 of 1st period - Carl Soderberg wins face-off versus Patrik Elias in Bruins zone.
2:58 of 1st period - Icing by Cam Fowler.
2:59 of 1st period - Carl Hagelin wins face-off versus Alexander Killorn in Canadiens zone.
3:33 of 1st period - Shot by Carl Hagelin.
3:33 of 1st period - Shot Misses the Net.
3:55 of 1st period - Michal Rozsival is hit by Brad Marchand and loses puck.
4:50 of 1st period - Braydon Coburn is hit by Alexander Steen and loses puck.
4:54 of 1st period - Minor Penalty to Alexander Steen for Tripping.
4:55 of 1st period - David Krejci wins face-off versus Jonathan Toews in Canadiens zone.
4:58 of 1st period - Shot by David Krejci.
4:58 of 1st period - Shot Misses the Net.
5:00 of 1st period - Shot by Zdeno Chara.
5:00 of 1st period - Stopped by Jonathan Bernier without a rebound.
5:01 of 1st period - David Krejci wins face-off versus Jonathan Toews in Canadiens zone.
5:03 of 1st period - Jakub Voracek is hit by Radko Gudas and loses puck.
5:35 of 1st period - Off-side.
5:36 of 1st period - Patrice Bergeron wins face-off versus Jonathan Toews in neutral zone.
5:43 of 1st period - Shot by Braydon Coburn.
5:43 of 1st period - Shot Misses the Net.
6:25 of 1st period - Shot by Patrick Sharp.
6:25 of 1st period - Shot Misses the Net.
6:27 of 1st period - Shot by Alexander Edler.
6:27 of 1st period - Shot Misses the Net.
6:29 of 1st period - Shot by Anton Volchenkov.
6:29 of 1st period - Shot Misses the Net.
7:17 of 1st period - Icing by Mike Weber.
7:18 of 1st period - Mason Raymond wins face-off versus Ryan Spooner in Canadiens zone.
7:28 of 1st period - Off-side.
7:29 of 1st period - David Krejci wins face-off versus Patrik Elias in neutral zone.
7:34 of 1st period - Alexander Steen is hit by Milan Lucic and loses puck.
8:16 of 1st period - Icing by Cam Fowler.
8:17 of 1st period - Patrik Elias wins face-off versus Ryan Spooner in Canadiens zone.
8:17 of 1st period - Alexander Steen is hit by Chris Kelly and loses puck.
8:44 of 1st period - Shot by Ryan Spooner.
8:44 of 1st period - Goal by Ryan Spooner - Canadiens : 1 - Bruins : 1.
8:45 of 1st period - Jonathan Toews wins face-off versus Reilly Smith in neutral zone.
8:55 of 1st period - Shot by Patrick Sharp.
8:55 of 1st period - Shot Misses the Net.
9:17 of 1st period - Shot by Jonathan Toews.
9:17 of 1st period - Shot Misses the Net.
9:23 of 1st period - Shot by Jonathan Toews.
9:23 of 1st period - Shot Misses the Net.
9:25 of 1st period - Shot by Anton Volchenkov.
9:25 of 1st period - Stopped by Niklas Svedberg without a rebound.
9:26 of 1st period - Saku Koivu wins face-off versus Carl Soderberg in Bruins zone.
9:26 of 1st period - Saku Koivu is hit by Zdeno Chara.
9:42 of 1st period - Zdeno Chara is hit by Martin Erat and loses puck.
10:35 of 1st period - Shot by Patrik Elias.
10:35 of 1st period - Stopped by Niklas Svedberg without a rebound.
10:36 of 1st period - Jonathan Toews wins face-off versus Patrice Bergeron in Bruins zone.
10:36 of 1st period - Patrick Sharp is hit by Johnny Boychuk and loses puck.
10:45 of 1st period - Shot by Patrick Sharp.
10:45 of 1st period - Stopped by Niklas Svedberg with a rebound.
10:47 of 1st period - Shot by Alexander Edler.
10:47 of 1st period - Shot Misses the Net.
10:49 of 1st period - Shot by Jonathan Toews.
10:49 of 1st period - Shot Misses the Net.
11:00 of 1st period - Chris Kunitz is hit by Johnny Boychuk and loses puck.
11:06 of 1st period - Patrick Sharp is hit by Johnny Boychuk and loses puck.
12:05 of 1st period - Off-side.
12:06 of 1st period - Saku Koivu wins face-off versus Ryan Spooner in neutral zone.
12:09 of 1st period - Zdeno Chara is hit by Martin Erat and loses puck.
12:24 of 1st period - Shot by Carl Hagelin.
12:24 of 1st period - Goal by Carl Hagelin - Canadiens : 1 - Bruins : 2.
12:25 of 1st period - David Krejci wins face-off versus Jonathan Toews in neutral zone.
12:42 of 1st period - Shot by Jonathan Toews.
12:42 of 1st period - Stopped by Niklas Svedberg without a rebound.
12:43 of 1st period - Carl Soderberg wins face-off versus Patrik Elias in Bruins zone.
12:43 of 1st period - Carl Soderberg is hit by Alexander Steen.
12:50 of 1st period - Dougie Hamilton is hit by Anton Volchenkov and loses puck.
13:54 of 1st period - Icing by Johnny Boychuk.
13:55 of 1st period - Patrice Bergeron wins face-off versus Saku Koivu in Bruins zone.
13:55 of 1st period - Patrice Bergeron is hit by Mason Raymond.
14:37 of 1st period - Shot by Mason Raymond.
14:37 of 1st period - Stopped by Niklas Svedberg without a rebound.
14:38 of 1st period - Jonathan Toews wins face-off versus Jakub Voracek in Bruins zone.
14:44 of 1st period - Icing by Zdeno Chara.
14:45 of 1st period - David Krejci wins face-off versus Jonathan Toews in Bruins zone.
14:45 of 1st period - David Krejci is hit by Chris Kunitz.
14:58 of 1st period - Minor Penalty to Radko Gudas for Hooking.
14:59 of 1st period - Jonathan Toews wins face-off versus David Krejci in Canadiens zone.
15:53 of 1st period - Shot by Patrice Bergeron.
15:53 of 1st period - Stopped by Jonathan Bernier without a rebound.
15:54 of 1st period - Patrice Bergeron wins face-off versus Jonathan Toews in Canadiens zone.
15:54 of 1st period - Dennis Seidenberg is hit by Anton Volchenkov and loses puck.
16:29 of 1st period - Shot by Dennis Seidenberg.
16:29 of 1st period - Stopped by Jonathan Bernier without a rebound.
16:30 of 1st period - Jonathan Toews wins face-off versus David Krejci in Canadiens zone.
16:30 of 1st period - Jonathan Toews is hit by Milan Lucic.
16:45 of 1st period - Off-side.
16:46 of 1st period - Jonathan Toews wins face-off versus Patrice Bergeron in neutral zone.
17:19 of 1st period - Carl Hagelin is hit by Anton Volchenkov and loses puck.
17:40 of 1st period - Shot by Chris Kelly.
17:40 of 1st period - Goal by Chris Kelly - Canadiens : 1 - Bruins : 3.
17:41 of 1st period - Patrice Bergeron wins face-off versus Jonathan Toews in neutral zone.
18:18 of 1st period - Shot by Patrick Sharp.
18:18 of 1st period - Shot Misses the Net.
18:20 of 1st period - Shot by Jonathan Toews.
18:20 of 1st period - Stopped by Niklas Svedberg without a rebound.
18:21 of 1st period - Patrik Elias wins face-off versus David Krejci in Bruins zone.
18:24 of 1st period - Shot by Alexander Steen.
18:24 of 1st period - Stopped by Niklas Svedberg with a rebound.
18:32 of 1st period - Shot by Jordan Eberle.
18:32 of 1st period - Stopped by Niklas Svedberg with a rebound.
18:34 of 1st period - Shot by Alexander Steen.
18:34 of 1st period - Shot Misses the Net.
18:36 of 1st period - Shot by Alexander Steen.
18:36 of 1st period - Stopped by Niklas Svedberg without a rebound.
18:37 of 1st period - Carl Soderberg wins face-off versus Saku Koivu in Bruins zone.
18:37 of 1st period - Carl Soderberg is hit by Martin Erat.
18:47 of 1st period - Shot by Loui Eriksson.
18:47 of 1st period - Deflect By Pierre-Alexandr Parenteau.
18:47 of 1st period - Stopped by Jonathan Bernier without a rebound.
18:48 of 1st period - David Krejci wins face-off versus Jonathan Toews in Canadiens zone.
18:49 of 1st period - Shot by Jakub Voracek.
18:49 of 1st period - Goal by Jakub Voracek - Canadiens : 1 - Bruins : 4.
18:49 of 1st period - Kristers Gudlevskis enters game.
18:50 of 1st period - Jonathan Toews wins face-off versus David Krejci in neutral zone.
19:34 of 1st period - Icing by Radko Gudas.
19:35 of 1st period - Patrice Bergeron wins face-off versus Patrick Sharp in Canadiens zone.
19:44 of 1st period - Johnny Boychuk is hit by Chris Kunitz and loses puck.
19:54 of 1st period - Icing by Dennis Seidenberg.
19:55 of 1st period - Patrice Bergeron wins face-off versus Patrik Elias in Bruins zone.
Goals for this period are 1 for Canadiens vs 4 for Bruins.
Shots for this period are 12 for Canadiens vs 8 for Bruins.

2nd period


0:01 of 2nd period - Jonathan Toews wins face-off versus Patrice Bergeron in neutral zone.
0:10 of 2nd period - Shot by Jonathan Toews.
0:10 of 2nd period - Shot Blocked by Zdeno Chara.
1:03 of 2nd period - Off-side.
1:04 of 2nd period - Carl Soderberg wins face-off versus Patrik Elias in neutral zone.
1:04 of 2nd period - Loui Eriksson is hit by Jordan Eberle and loses puck.
1:08 of 2nd period - Minor Penalty to Braydon Coburn for Tripping.
1:09 of 2nd period - Patrik Elias wins face-off versus David Krejci in Bruins zone.
1:10 of 2nd period - Shot by Jordan Eberle.
1:10 of 2nd period - The goal is going for a video replay.
1:10 of 2nd period - The goal is good.
1:10 of 2nd period - Goal by Jordan Eberle - Canadiens : 2 - Bruins : 4.
1:11 of 2nd period - Patrik Elias wins face-off versus David Krejci in neutral zone.
1:48 of 2nd period - Shot by Patrik Elias.
1:48 of 2nd period - Shot Blocked by Johnny Boychuk.
1:50 of 2nd period - Shot by Patrik Elias.
1:50 of 2nd period - Goal by Patrik Elias - Canadiens : 3 - Bruins : 4.
1:51 of 2nd period - Patrice Bergeron wins face-off versus Jonathan Toews in neutral zone.
2:07 of 2nd period - Shot by Reilly Smith.
2:07 of 2nd period - Stopped by Kristers Gudlevskis with a rebound.
2:15 of 2nd period - Shot by Patrice Bergeron.
2:15 of 2nd period - Shot Blocked by Cam Fowler.
2:59 of 2nd period - Shot by Loui Eriksson.
2:59 of 2nd period - Stopped by Kristers Gudlevskis with a rebound.
3:57 of 2nd period - Shot by Johnny Boychuk.
3:57 of 2nd period - Shot Misses the Net.
4:31 of 2nd period - Shot by Ryan Spooner.
4:31 of 2nd period - Shot Misses the Net.
4:33 of 2nd period - Shot by Dougie Hamilton.
4:33 of 2nd period - Shot Blocked by Mike Weber.
4:43 of 2nd period - Shot by Ryan Spooner.
4:43 of 2nd period - Stopped by Kristers Gudlevskis without a rebound.
4:44 of 2nd period - Patrice Bergeron wins face-off versus Saku Koivu in Canadiens zone.
4:47 of 2nd period - Shot by Patrice Bergeron.
4:47 of 2nd period - Deflect By Reilly Smith.
4:47 of 2nd period - Shot Blocked by Alexander Edler.
5:09 of 2nd period - Shot by Torey Krug.
5:09 of 2nd period - Stopped by Kristers Gudlevskis without a rebound.
5:10 of 2nd period - Pierre-Alexandr Parenteau wins face-off versus Alexander Killorn in Canadiens zone.
5:38 of 2nd period - Off-side.
5:39 of 2nd period - Patrice Bergeron wins face-off versus Saku Koivu in neutral zone.
5:49 of 2nd period - Icing by Cam Fowler.
5:50 of 2nd period - Saku Koivu wins face-off versus Jakub Voracek in Canadiens zone.
5:52 of 2nd period - Mason Raymond is hit by Milan Lucic and loses puck.
5:54 of 2nd period - Minor Penalty to Milan Lucic for Tripping.
5:55 of 2nd period - David Krejci wins face-off versus Patrik Elias in Bruins zone.
6:01 of 2nd period - Icing by Cam Fowler.
6:02 of 2nd period - Patrik Elias wins face-off versus David Krejci in Canadiens zone.
6:11 of 2nd period - Shot by Patrik Elias.
6:11 of 2nd period - Shot Misses the Net.
6:13 of 2nd period - Shot by Radko Gudas.
6:13 of 2nd period - Stopped by Niklas Svedberg without a rebound.
6:14 of 2nd period - Jonathan Toews wins face-off versus David Krejci in Bruins zone.
6:31 of 2nd period - Shot by Chris Kunitz.
6:31 of 2nd period - Stopped by Niklas Svedberg without a rebound.
6:32 of 2nd period - David Krejci wins face-off versus Patrik Elias in Bruins zone.
7:09 of 2nd period - Shot by Radko Gudas.
7:09 of 2nd period - Shot Blocked by Zdeno Chara.
7:11 of 2nd period - Shot by Cam Fowler.
7:11 of 2nd period - Stopped by Niklas Svedberg without a rebound.
7:12 of 2nd period - Chris Kelly wins face-off versus Jonathan Toews in Bruins zone.
7:37 of 2nd period - Shot by Patrick Sharp.
7:37 of 2nd period - Shot Hit the Post.
7:44 of 2nd period - Icing by Anton Volchenkov.
7:45 of 2nd period - Jonathan Toews wins face-off versus Chris Kelly in Canadiens zone.
7:45 of 2nd period - Patrick Sharp is hit by Chris Kelly.
7:52 of 2nd period - Icing by Patrick Sharp.
7:53 of 2nd period - Jonathan Toews wins face-off versus Chris Kelly in Canadiens zone.
8:02 of 2nd period - Shot by Patrik Elias.
8:02 of 2nd period - Shot Blocked by Zdeno Chara.
8:04 of 2nd period - Shot by Radko Gudas.
8:04 of 2nd period - Shot Misses the Net.
8:06 of 2nd period - Shot by Alexander Steen.
8:06 of 2nd period - Deflect By Jordan Eberle.
8:06 of 2nd period - Shot Misses the Net.
8:47 of 2nd period - Icing by Loui Eriksson.
8:48 of 2nd period - Jonathan Toews wins face-off versus Carl Soderberg in Bruins zone.
9:34 of 2nd period - Reilly Smith is hit by Anton Volchenkov and loses puck.
9:38 of 2nd period - Minor Penalty to Alexander Edler for Holding.
9:39 of 2nd period - Jonathan Toews wins face-off versus David Krejci in Canadiens zone.
11:51 of 2nd period - Shot by Carl Hagelin.
11:51 of 2nd period - Goal by Carl Hagelin - Canadiens : 3 - Bruins : 5.
11:52 of 2nd period - Saku Koivu wins face-off versus Ryan Spooner in neutral zone.
12:11 of 2nd period - Shot by Mason Raymond.
12:11 of 2nd period - Shot Misses the Net.
12:50 of 2nd period - Shot by Johnny Boychuk.
12:50 of 2nd period - Stopped by Kristers Gudlevskis without a rebound.
12:51 of 2nd period - Jordan Eberle wins face-off versus David Krejci in Canadiens zone.
12:56 of 2nd period - Michal Rozsival is hit by Milan Lucic and loses puck.
13:18 of 2nd period - David Krejci is hit by Mike Weber and loses puck.
14:00 of 2nd period - Reilly Smith is hit by Mike Weber.
14:21 of 2nd period - Brad Marchand is hit by Mike Weber and loses puck.
14:57 of 2nd period - Off-side.
14:58 of 2nd period - David Krejci wins face-off versus Saku Koivu in neutral zone.
14:58 of 2nd period - David Krejci is hit by Radko Gudas.
15:01 of 2nd period - Off-side.
15:02 of 2nd period - Jonathan Toews wins face-off versus David Krejci in neutral zone.
15:12 of 2nd period - Shot by Jonathan Toews.
15:12 of 2nd period - Shot Misses the Net.
15:14 of 2nd period - Shot by Patrick Sharp.
15:14 of 2nd period - Shot Misses the Net.
15:24 of 2nd period - Shot by Patrick Sharp.
15:24 of 2nd period - Shot Misses the Net.
15:26 of 2nd period - Shot by Jonathan Toews.
15:26 of 2nd period - Shot Misses the Net.
15:28 of 2nd period - Shot by Radko Gudas.
15:28 of 2nd period - Stopped by Niklas Svedberg with a rebound.
15:30 of 2nd period - Shot by Jonathan Toews.
15:30 of 2nd period - Shot Misses the Net.
15:44 of 2nd period - Shot by Patrick Sharp.
15:44 of 2nd period - Stopped by Niklas Svedberg without a rebound.
15:45 of 2nd period - Saku Koivu wins face-off versus Patrice Bergeron in Bruins zone.
16:08 of 2nd period - Shot by Brad Marchand.
16:08 of 2nd period - Shot Misses the Net.
16:10 of 2nd period - Shot by Dennis Seidenberg.
16:10 of 2nd period - Stopped by Kristers Gudlevskis with a rebound.
16:20 of 2nd period - Shot by Brad Marchand.
16:20 of 2nd period - Shot Misses the Net.
16:24 of 2nd period - Shot by Patrice Bergeron.
16:24 of 2nd period - Shot Blocked by Alexander Edler.
17:25 of 2nd period - Torey Krug is hit by Chris Kunitz and loses puck.
17:43 of 2nd period - Icing by Jonathan Toews.
17:44 of 2nd period - David Krejci wins face-off versus Jonathan Toews in Canadiens zone.
17:47 of 2nd period - Shot by Jakub Voracek.
17:47 of 2nd period - Shot Blocked by Cam Fowler.
18:10 of 2nd period - Shot by Zdeno Chara.
18:10 of 2nd period - Stopped by Kristers Gudlevskis without a rebound.
18:11 of 2nd period - Patrice Bergeron wins face-off versus Patrik Elias in Canadiens zone.
18:53 of 2nd period - Shot by Alexander Steen.
18:53 of 2nd period - Stopped by Niklas Svedberg without a rebound.
18:54 of 2nd period - David Krejci wins face-off versus Saku Koivu in Bruins zone.
19:23 of 2nd period - Shot by Mason Raymond.
19:23 of 2nd period - Shot Misses the Net.
19:25 of 2nd period - Shot by Saku Koivu.
19:25 of 2nd period - Goal by Saku Koivu - Canadiens : 4 - Bruins : 5.
19:26 of 2nd period - Carl Soderberg wins face-off versus Jonathan Toews in neutral zone.
19:29 of 2nd period - Shot by Torey Krug.
19:29 of 2nd period - Shot Misses the Net.
Goals for this period are 3 for Canadiens vs 1 for Bruins.
Shots for this period are 9 for Canadiens vs 8 for Bruins.

3rd period


0:01 of 3rd period - Jonathan Toews wins face-off versus Patrice Bergeron in neutral zone.
0:39 of 3rd period - Reilly Smith is hit by Chris Kunitz and loses puck.
0:56 of 3rd period - Shot by Jordan Eberle.
0:56 of 3rd period - Deflect By Alexander Steen.
0:56 of 3rd period - Stopped by Niklas Svedberg without a rebound.
0:57 of 3rd period - David Krejci wins face-off versus Patrik Elias in Bruins zone.
1:07 of 3rd period - Minor Penalty to Milan Lucic for Boarding.
1:08 of 3rd period - David Krejci wins face-off versus Patrik Elias in Bruins zone.
1:16 of 3rd period - Icing by Alexander Steen.
1:17 of 3rd period - David Krejci wins face-off versus Patrik Elias in Canadiens zone.
1:28 of 3rd period - Icing by Anton Volchenkov.
1:29 of 3rd period - David Krejci wins face-off versus Patrik Elias in Canadiens zone.
1:54 of 3rd period - Shot by Alexander Steen.
1:54 of 3rd period - Stopped by Niklas Svedberg with a rebound.
1:56 of 3rd period - Shot by Jordan Eberle.
1:56 of 3rd period - Stopped by Niklas Svedberg without a rebound.
1:57 of 3rd period - David Krejci wins face-off versus Jonathan Toews in Bruins zone.
1:57 of 3rd period - David Krejci is hit by Chris Kunitz.
2:17 of 3rd period - Shot by Cam Fowler.
2:17 of 3rd period - Deflect By Patrick Sharp.
2:17 of 3rd period - Stopped by Niklas Svedberg without a rebound.
2:18 of 3rd period - Patrik Elias wins face-off versus David Krejci in Bruins zone.
2:21 of 3rd period - Shot by Jordan Eberle.
2:21 of 3rd period - Shot Misses the Net.
2:23 of 3rd period - Shot by Jordan Eberle.
2:23 of 3rd period - Deflect By Alexander Steen.
2:23 of 3rd period - Shot Blocked by Patrice Bergeron.
2:31 of 3rd period - Shot by Jordan Eberle.
2:31 of 3rd period - Stopped by Niklas Svedberg without a rebound.
2:32 of 3rd period - Jonathan Toews wins face-off versus David Krejci in Bruins zone.
2:37 of 3rd period - Shot by Jonathan Toews.
2:37 of 3rd period - Stopped by Niklas Svedberg without a rebound.
2:38 of 3rd period - Patrice Bergeron wins face-off versus Jonathan Toews in Bruins zone.
2:46 of 3rd period - Icing by Cam Fowler.
2:47 of 3rd period - David Krejci wins face-off versus Jonathan Toews in Canadiens zone.
3:02 of 3rd period - Shot by Radko Gudas.
3:02 of 3rd period - Shot Misses the Net.
3:04 of 3rd period - Shot by Radko Gudas.
3:04 of 3rd period - Shot Misses the Net.
3:06 of 3rd period - Shot by Radko Gudas.
3:06 of 3rd period - Deflect By Chris Kunitz.
3:06 of 3rd period - Goal by Chris Kunitz - Canadiens : 5 - Bruins : 5.
3:07 of 3rd period - Alexander Steen wins face-off versus Carl Hagelin in neutral zone.
3:36 of 3rd period - Shot by Dougie Hamilton.
3:36 of 3rd period - Goal by Dougie Hamilton - Canadiens : 5 - Bruins : 6.
3:37 of 3rd period - David Krejci wins face-off versus Jonathan Toews in neutral zone.
3:43 of 3rd period - Icing by Cam Fowler.
3:44 of 3rd period - Jonathan Toews wins face-off versus David Krejci in Canadiens zone.
4:21 of 3rd period - Shot by Jonathan Toews.
4:21 of 3rd period - Deflect By Chris Kunitz.
4:21 of 3rd period - Stopped by Niklas Svedberg with a rebound.
4:23 of 3rd period - Shot by Chris Kunitz.
4:23 of 3rd period - Shot Blocked by Johnny Boychuk.
4:42 of 3rd period - Icing by Chris Kunitz.
4:43 of 3rd period - Jonathan Toews wins face-off versus Reilly Smith in Canadiens zone.
4:52 of 3rd period - Shot by Patrice Bergeron.
4:52 of 3rd period - Shot Misses the Net.
5:18 of 3rd period - Shot by Patrik Elias.
5:18 of 3rd period - Deflect By Alexander Steen.
5:18 of 3rd period - Shot Blocked by Dougie Hamilton.
5:31 of 3rd period - Shot by Anton Volchenkov.
5:31 of 3rd period - Stopped by Niklas Svedberg without a rebound.
5:32 of 3rd period - Carl Soderberg wins face-off versus Saku Koivu in Bruins zone.
5:32 of 3rd period - Carl Soderberg is hit by Mike Weber.
5:45 of 3rd period - Minor Penalty to Michal Rozsival for Slashing.
5:46 of 3rd period - Jonathan Toews wins face-off versus David Krejci in Canadiens zone.
6:59 of 3rd period - Johnny Boychuk is hit by Radko Gudas and loses puck.
7:18 of 3rd period - Shot by Patrice Bergeron.
7:18 of 3rd period - Shot Blocked by Patrick Sharp.
7:20 of 3rd period - Shot by Johnny Boychuk.
7:20 of 3rd period - Stopped by Kristers Gudlevskis without a rebound.
7:21 of 3rd period - Jonathan Toews wins face-off versus David Krejci in Canadiens zone.
7:53 of 3rd period - Shot by Ryan Spooner.
7:53 of 3rd period - Shot Misses the Net.
8:16 of 3rd period - Mason Raymond is hit by Braydon Coburn and loses puck.
8:20 of 3rd period - Minor Penalty to Braydon Coburn for Hooking.
8:21 of 3rd period - David Krejci wins face-off versus Patrik Elias in Bruins zone.
8:42 of 3rd period - Torey Krug is hit by Jordan Eberle.
9:20 of 3rd period - Icing by Jordan Eberle.
9:21 of 3rd period - David Krejci wins face-off versus Patrik Elias in Canadiens zone.
9:24 of 3rd period - Shot by Patrice Bergeron.
9:24 of 3rd period - Shot Misses the Net.
10:07 of 3rd period - Shot by Patrick Sharp.
10:07 of 3rd period - Shot Blocked by Torey Krug.
10:09 of 3rd period - Shot by Alexander Edler.
10:09 of 3rd period - Shot Misses the Net.
10:11 of 3rd period - Shot by Jonathan Toews.
10:11 of 3rd period - Goal by Jonathan Toews - Canadiens : 6 - Bruins : 6.
10:12 of 3rd period - Carl Soderberg wins face-off versus Saku Koivu in neutral zone.
10:25 of 3rd period - Shot by Loui Eriksson.
10:25 of 3rd period - Stopped by Kristers Gudlevskis without a rebound.
10:26 of 3rd period - Patrice Bergeron wins face-off versus Alexander Killorn in Canadiens zone.
10:26 of 3rd period - Patrice Bergeron is hit by Mike Weber.
10:28 of 3rd period - Shot by Reilly Smith.
10:28 of 3rd period - Deflect By Patrice Bergeron.
10:28 of 3rd period - Goal by Patrice Bergeron - Canadiens : 6 - Bruins : 7.
10:29 of 3rd period - Patrice Bergeron wins face-off versus Jonathan Toews in neutral zone.
10:44 of 3rd period - Shot by Dougie Hamilton.
10:44 of 3rd period - Shot Hit the Post.
10:50 of 3rd period - Shot by Jonathan Toews.
10:50 of 3rd period - Stopped by Niklas Svedberg without a rebound.
10:51 of 3rd period - David Krejci wins face-off versus Patrik Elias in Bruins zone.
12:08 of 3rd period - Shot by Patrice Bergeron.
12:08 of 3rd period - Stopped by Kristers Gudlevskis with a rebound.
12:10 of 3rd period - Shot by Zdeno Chara.
12:10 of 3rd period - Stopped by Kristers Gudlevskis without a rebound.
12:11 of 3rd period - Carl Soderberg wins face-off versus Martin Erat in Canadiens zone.
12:25 of 3rd period - Minor Penalty to Mike Weber for Hooking.
12:26 of 3rd period - Jonathan Toews wins face-off versus Patrice Bergeron in Canadiens zone.
12:26 of 3rd period - Jonathan Toews is hit by Carl Soderberg.
13:02 of 3rd period - Cam Fowler is hit by Carl Soderberg and loses puck.
13:48 of 3rd period - Shot by Dennis Seidenberg.
13:48 of 3rd period - Stopped by Kristers Gudlevskis without a rebound.
13:49 of 3rd period - David Krejci wins face-off versus Patrick Sharp in Canadiens zone.
14:02 of 3rd period - Shot by Jakub Voracek.
14:02 of 3rd period - Shot Misses the Net.
14:06 of 3rd period - Shot by Dennis Seidenberg.
14:06 of 3rd period - Stopped by Kristers Gudlevskis with a rebound.
14:35 of 3rd period - Shot by Zdeno Chara.
14:35 of 3rd period - Shot Blocked by Michal Rozsival.
15:01 of 3rd period - Shot by Michal Rozsival.
15:01 of 3rd period - Stopped by Niklas Svedberg without a rebound.
15:02 of 3rd period - Patrice Bergeron wins face-off versus Alexander Killorn in Bruins zone.
15:13 of 3rd period - Shot by Jonathan Toews.
15:13 of 3rd period - Shot Misses the Net.
15:18 of 3rd period - Patrice Bergeron is hit by Manny Malhotra.
15:28 of 3rd period - Shot by Patrice Bergeron.
15:28 of 3rd period - Shot Misses the Net.
15:30 of 3rd period - Shot by Patrice Bergeron.
15:30 of 3rd period - Stopped by Kristers Gudlevskis without a rebound.
15:31 of 3rd period - Carl Soderberg wins face-off versus Alexander Steen in Canadiens zone.
15:42 of 3rd period - Icing by Loui Eriksson.
15:43 of 3rd period - Jonathan Toews wins face-off versus Carl Soderberg in Bruins zone.
15:52 of 3rd period - Shot by Patrick Sharp.
15:52 of 3rd period - Shot Misses the Net.
16:02 of 3rd period - Shot by Patrick Sharp.
16:02 of 3rd period - Shot Misses the Net.
16:04 of 3rd period - Shot by Mike Weber.
16:04 of 3rd period - Shot Blocked by Dennis Seidenberg.
16:34 of 3rd period - Shot by Patrice Bergeron.
16:34 of 3rd period - Shot Misses the Net.
16:39 of 3rd period - Minor Penalty to Mike Weber for Elbowing.
16:40 of 3rd period - David Krejci wins face-off versus Jonathan Toews in Canadiens zone.
17:13 of 3rd period - Shot by Milan Lucic.
17:13 of 3rd period - Shot Blocked by Alexander Killorn.
18:04 of 3rd period - Shot by Braydon Coburn.
18:04 of 3rd period - Stopped by Kristers Gudlevskis without a rebound.
18:05 of 3rd period - Carl Soderberg wins face-off versus Jonathan Toews in Canadiens zone.
18:23 of 3rd period - Icing by Dennis Seidenberg.
18:24 of 3rd period - Alexander Steen wins face-off versus Patrice Bergeron in Bruins zone.
18:33 of 3rd period - Shot by Alexander Steen.
18:33 of 3rd period - Stopped by Niklas Svedberg with a rebound.
18:49 of 3rd period - Shot by Carl Hagelin.
18:49 of 3rd period - Stopped by Kristers Gudlevskis with a rebound.
18:54 of 3rd period - Saku Koivu is hit by Dougie Hamilton and loses puck.
19:01 of 3rd period - Canadiens, Kristers Gudlevskis is pulled from the net.
19:14 of 3rd period - Martin Erat is hit by Zdeno Chara.
19:38 of 3rd period - Patrick Sharp is hit by Zdeno Chara and loses puck.
Goals for this period are 2 for Canadiens vs 2 for Bruins.
Shots for this period are 13 for Canadiens vs 11 for Bruins.


Output by the SimonT Hockey Simulator (STHS) for Stephane Roy -- Original Page W3C XHTML 1.0 Valid
Hockey Simulator - Hockey Simulation - Hockey Manager